AoeStats
← Taskyr

Arena

509231287Analyzed
1v1 RM · 7d ago on Sep 26, 2026· 57m 2s· 2 players
Game mode
Random Map
Map size
Tiny (2 player)
Population
200
Speed
Normal
Resources
Standard
Victory
Conquest
Starting age
Dark Age
Ending age
Imperial Age
RankedLock teamsTeams togetherTeam positionsShared explorationLock speedFull tech treeHidden civsTurbo modeCheats
Victory
Defeat
🇨🇴 Burmese · Colombia
633
+18
🇺🇸 Byzantines · United States
670
-22
MzTm | jhesuafelipe
0:30 Loom
11:08 Feudal Age
13:27 Wheelbarrow
13:49 Horse Collar
20:21 Castle Age
19:27 Gold Mining
21:01 Pikeman
22:20 Fervor
30:15 Heavy Plow
35:43 Imperial Age
34:48 Hand Cart
34:32 Gambesons
34:48 Squires
35:40 Gold Shaft Mining
37:36 Chemistry
36:56 Ballistics
36:21 Halberdier
37:49 Murder Holes
38:50 Stone Mining
39:36 Crop Rotation
42:31 Heavy Scorpion
45:26 Siege Engineers
47:22 Scale Mail Armor
47:33 Forging
47:14 Fletching
57:00 Chain Mail Armor
57:21 Iron Casting
56:41 Bodkin Arrow
56:47 Padded Archer Armor
Taskyr
6:29 Loom
10:24 Feudal Age
15:20 Forging
23:48 Castle Age
22:01 Scale Barding Armor
23:05 Man-at-Arms
23:53 Scale Mail Armor
27:15 Long Swordsman
28:23 Gambesons
28:41 Squires
29:17 Iron Casting
29:31 Chain Barding Armor
31:06 Double-Bit Axe
35:36 Imperial Age
35:23 Wheelbarrow
35:58 Husbandry
36:25 Fortified Wall
36:22 Two-Handed Swordsman
41:01 Chain Mail Armor
41:58 Arson
46:55 Logistica
50:31 Ballistics
51:12 Chemistry
50:27 Light Cavalry
51:45 Champion
51:54 Light Cavalry
52:52 Hussar
Connection lost

Rejoining the realm…

Still unreachable

The connection could not be restored.

Session expired

The server has moved on; the page needs a fresh start.